 Dungeon Sprint DCSS version 0.30-a0-1163-gf69bf04e7a (webtiles) character file.

Game seed: 15197626072919912904

13302 howech the Ninja (level 11, -12/48 (51) HPs)
             Began as a Spriggan Enchanter on Apr 28, 2023.
             Was a High Priest of Sif Muna.
             Killed from afar by a golden dragon (26 damage)
             ... with a bolt of fire
             ... in the Dungeon (Sprint I: "Red Sonja").
             The game lasted 00:16:58 (1186 turns).

howech the Ninja (Spriggan Enchanter)               Turns: 1186, Time: 00:16:59

HP:   -12/48 (51)   AC:  2    Str:  4    XL:     11   Next: 73%
MP:   27/29         EV: 22    Int: 22    God:    Sif Muna [*****.]
Gold: 987           SH:  0    Dex: 15    Spells: 27/36 levels left

rFire   + . .        a - +1 dagger
rCold   + . .        (no shield)
rNeg    . . .        j - +0 robe {Will+}
rPois   +            (helmet restricted)
rElec   +            (no cloak)
rCorr   +            (gloves unavailable)
SInv    +            (boots unavailable)
Will    ++...        (no amulet)
Stlth   +++++++++    (no ring)
HPRegen 0.28/turn    (no ring)
MPRegen 0.21/turn

%: no teleportation
@: confusing by touch, resistant, hasted, drained, very quick
A: very small, no large weapons, unfitting armour, see invisible, speed 3,
robust 1
a: Renounce Religion, Channel Magic, Forget Spell, Divine Exegesis


You were in the Dungeon.
You worshipped Sif Muna.
Sif Muna was extremely pleased with you.
You visited 1 branch You collected 1691 gold pieces.
You spent 689 gold pieces at shops.
You donated 15 gold pieces to Zin.

Inventory:

Hand Weapons
 a - a +1 dagger (weapon)
Missiles
 f - 3 atropa-tipped darts
 o - 3 curare-tipped darts (quivered)
Armour
 b - a +0 robe
 j - a +0 robe of willpower (worn)
Jewellery
 e - a +4 ring of protection
 h - a +6 ring of dexterity
Wands
 n - a wand of mindburst (10)
Scrolls
 i - 2 scrolls of blinking
 k - a scroll of vulnerability
 l - a scroll of identify
 m - a scroll of butterflies
Potions
 c - a potion of invisibility
 d - 4 potions of curing
 g - a potion of magic
 q - a potion of haste


   Skills:
 - Level 10.0 Short Blades
 - Level 10.0 Dodging
 O Level 27 Stealth
 + Level 13.1 Spellcasting
 + Level 5.5 Conjurations
 - Level 8.0 Hexes
 + Level 6.0 Fire Magic
 - Level 8.0 Ice Magic
 + Level 6.6 Air Magic
 - Level 5.0 Invocations
 - Level 5.0 Evocations


You had 27 spell levels left.
You knew the following spells:

 Your Spells              Type           Power      Damage    Failure   Level
a - Ensorcelled Hibernat  Hex/Ice        98%        N/A       1%          2
b - Confusing Touch       Hex            49%        N/A       1%          3
c - Airstrike             Air            21%        2d(4-20)  2%          4

Your spell library contained the following spells:

 Spells                   Type           Power      Damage    Failure   Level
 Freeze                   Ice            100%       1d10      1%          1
 Shock                    Conj/Air       100%       1d9       1%          1
 Dazzling Flash           Conj/Hex       88%        N/A       1%          3
 Swiftness                Air            43%        N/A       1%          3
 Tukima's Dance           Hex            49%        N/A       1%          3
 Cause Fear               Hex            24%        N/A       1%          4
 Summon Ice Beast         Ice/Summ       32%        N/A       9%          4
 Call Canine Familiar     Summ           14%        N/A       13%         3
 Teleport Other           Tloc           14%        N/A       13%         3
 Iskenderun's Mystic Bla  Conj/Tloc      26%        2d7       14%         4
 Summon Mana Viper        Hex/Summ       32%        N/A       24%         5
 Manifold Assault         Tloc           14%        N/A       41%         4
 Summon Forest            Summ/Tloc      7%         N/A       77%         5
 Simulacrum               Ice/Necr       16%        N/A       78%         6
 Dispersal                Tloc           7%         N/A       100%        6
 Discord                  Hex            24%        N/A       100%        8
 Disjunction              Tloc           7%         N/A       100%        8


Dungeon Overview and Level Annotations

Branches:
Dungeon (1/1)

Altars:
Cheibriados
Dithmenos
Elyvilon
Fedhas
Gozag
Hepliaklqana
Kikubaaqudgha
Makhleb
Nemelex Xobeh
Okawaru
Qazlal
Ru
Sif Muna
Trog
Uskayaw
Vehumet
Wu Jian
Xom
Yredelemnul
Zin
The Shining One
Jiyva
Lugonu

Shops:
D !*:!?[**(([:**!:***[?


Innate Abilities, Weirdness & Mutations

You are very small and have problems with some larger weapons.
You are too small for most types of armour.
You have supernaturally acute eyesight. (SInv)
You cover ground extremely quickly. (Speed+++)
You are robust. (+10% HP)


Message History

You see here a +0 chain mail.
You see here 27 gold pieces.
You see here 27 gold pieces.
You open the door.
Found a crooked jewelled staff.
There is an open door here.
You see here a staff of fire.
You close the door.
You open the door.
A shadow dragon and a golden dragon come into view.
The shadow dragon breathes negative energy at you.
The bolt of negative energy hits you!!
You feel drained.
Ouch! That really hurt!
* * * LOW HITPOINT WARNING * * *
Found a knobbly smoking staff and a glowing morningstar.
Casting: Ensorcelled Hibernation (safe; 1% risk of failure)
Confirm with . or Enter, or press ? or * to list all spells.
You can't see any susceptible monsters within range! (Use Z to cast anyway.) Unknown command.
Casting: Ensorcelled Hibernation (safe; 1% risk of failure)
Confirm with . or Enter, or press ? or * to list all spells.
Your hands begin to glow red.
Found 54 gold pieces.
Found 108 gold pieces.
There is an open door here.
Found 270 gold pieces.
Found six items.
The helpless golden dragon fails to defend itself.
You hit the golden dragon but do no damage.
Unknown command.
Press: ? - help, v - describe, . - travel
Here: a golden dragon (purple smoke, chance to confuse on hit: 0%)
The floor.
There are monsters nearby!
Unknown command.
You hit the golden dragon but do no damage.
The golden dragon breathes fire at you. The bolt of fire hits you!! You resist.
Ouch! That really hurt!
You die...

###+##
#|####+#
##§#.§§.##
##§§§§§...##
#§.§§§§....#
##§§§.......##
#§§§.D.|.....#
#§§.§.§D.....#
##§...@.....#
#$$$§$$$$$$#
##$$$$$$$$##
##$?=!?)##
########


You could see a shadow dragon and a golden dragon (catching breath).

Vanquished Creatures
  A hydra (D)
  2 centaur warriors (D)
  Sonja (D)
  A deep troll (D)
  A lindwurm (D)
  An oklob plant (D)
  8 shining eyes (D)
  4 demonic crawlers (D)
  2 unseen horrors (D)
  2 kobold demonologists (D)
  A hornet (D)
  Sigmund (D)
  A slime creature (D)
  A yak (D)
  13 hogs (D)
  2 redbacks (D)
  7 floating eyes (D)
  An ogre (D)
  7 necrophages (D)
  8 jellies (D)
  Ijyb (D)
  A ballistomycete spore (D)
67 creatures vanquished.

Vanquished Creatures (others)
  A ballistomycete spore (D)
1 creature vanquished.

Grand Total: 68 creatures vanquished

Notes
Turn   | Place    | Note
-------+----------+-------------------------------------------
     0 | D        | howech the Spriggan Enchanter began the quest for the Orb.
     0 | D        | Reached XP level 1. HP: 9/9 MP: 5/5
     2 | D        | Noticed Ijyb
    11 | D        | Killed Ijyb
    12 | D        | Reached skill level 5 in Stealth
    12 | D        | Reached skill level 1 in Ice Magic
    12 | D        | Reached XP level 2. HP: 13/13 MP: 5/7
    17 | D        | Learned a level 2 spell: Ensorcelled Hibernation
    17 | D        | Noticed an ogre
    19 | D        | Killed an ogre
    20 | D        | Reached skill level 5 in Dodging
    20 | D        | Reached skill level 7 in Stealth
    20 | D        | Reached skill level 5 in Spellcasting
    20 | D        | Reached skill level 5 in Hexes
    20 | D        | Reached XP level 3. HP: 16/16 MP: 5/10
    20 | D        | Reached XP level 4. HP: 21/21 MP: 6/12
    28 | D        | Noticed Sigmund
    31 | D        | Killed Sigmund
    32 | D        | Reached skill level 9 in Stealth
    32 | D        | Reached XP level 5. HP: 24/24 MP: 8/15
    32 | D        | Reached XP level 6. HP: 28/28 MP: 9/17
    43 | D        | Found an ornate altar of the Wu Jian Council.
    43 | D        | Found a shimmering blue altar of Sif Muna.
    45 | D        | Found a radiant altar of Vehumet.
    54 | D        | Found Neqa's Distillery.
    54 | D        | Found an ancient bone altar of Kikubaaqudgha.
    54 | D        | Found a hazy altar of Hepliaklqana.
    54 | D        | Found a stormy altar of Qazlal.
    54 | D        | Found a hide-covered altar of Uskayaw.
    54 | D        | Found a blossoming altar of Fedhas.
    54 | D        | Found a bloodstained altar of Trog.
    54 | D        | Found an iron altar of Okawaru.
    54 | D        | Found a basalt altar of Yredelemnul.
    54 | D        | Found a glowing golden altar of the Shining One.
    54 | D        | Found a snail-covered altar of Cheibriados.
    54 | D        | Found a sacrificial altar of Ru.
    54 | D        | Found a glowing silver altar of Zin.
    54 | D        | Found a shadowy altar of Dithmenos.
    54 | D        | Found a white marble altar of Elyvilon.
    54 | D        | Noticed a yak
    55 | D        | Found an opulent altar of Gozag.
    56 | D        | Killed a yak
    57 | D        | Reached skill level 10 in Stealth
    57 | D        | Reached skill level 5 in Ice Magic
    57 | D        | Found a sparkling altar of Nemelex Xobeh.
    61 | D        | Bought a potion of flight for 39 gold pieces
    63 | D        | Became a worshipper of Zin the Law-Giver
    63 | D        | Reached * piety under Zin
    63 | D        | Reached ** piety under Zin
    63 | D        | Reached *** piety under Zin
    63 | D        | Reached **** piety under Zin
    63 | D        | Reached ***** piety under Zin
    63 | D        | Reached ****** piety under Zin
    71 | D        | Noticed Sonja
    75 | D        | Killed Sonja
    76 | D        | Reached skill level 13 in Stealth
    76 | D        | Reached skill level 10 in Spellcasting
    76 | D        | Reached XP level 7. HP: 32/32 MP: 12/21
    83 | D        | Found Suduit's Distillery.
    92 | D        | Noticed a shining eye
    92 | D        | Noticed a shining eye
    92 | D        | Noticed a shining eye
    93 | D        | Noticed a shining eye
    93 | D        | Noticed a shining eye
    93 | D        | Noticed a shining eye
    95 | D        | Reached XP level 8. HP: 36/36 MP: 15/23
    95 | D        | Noticed a shining eye
    95 | D        | Noticed a shining eye
   101 | D        | Reached skill level 14 in Stealth
   104 | D        | Reached skill level 10 in Short Blades
   111 | D        | Killed a shining eye
   112 | D        | Reached skill level 16 in Stealth
   117 | D        | Killed a shining eye
   118 | D        | Reached skill level 18 in Stealth
   118 | D        | Reached XP level 9. HP: 39/39 MP: 16/24
   127 | D        | Learned a level 3 spell: Confusing Touch
   143 | D        | Killed a shining eye
   144 | D        | Reached skill level 20 in Stealth
   159 | D        | Killed a shining eye
   160 | D        | Reached skill level 22 in Stealth
   180 | D        | Killed a shining eye
   181 | D        | Reached skill level 23 in Stealth
   188 | D        | Killed a shining eye
   189 | D        | Reached skill level 24 in Stealth
   199 | D        | Killed a shining eye
   200 | D        | Reached XP level 10. HP: 44/44 MP: 10/25
   217 | D        | Killed a shining eye
   218 | D        | Reached skill level 25 in Stealth
   225 | D        | Found Buuwkoerur's Magic Scroll Shop.
   225 | D        | Found Juihany's General Store.
   225 | D        | Found Sefejeug's Armour Boutique.
   225 | D        | Found Miaties's Book Emporium.
   263 | D        | Fell from the grace of Zin
   263 | D        | Became a worshipper of Sif Muna the Loreminder
   292 | D        | Noticed a deep troll
   296 | D        | Killed a deep troll
   297 | D        | Reached skill level 26 in Stealth
   306 | D        | Found Tynoff's Armour Emporium.
   313 | D        | Bought a +0 robe of willpower for 77 gold pieces
   342 | D        | Noticed a centaur warrior
   342 | D        | Noticed a centaur warrior
   345 | D        | Killed a centaur warrior
   346 | D        | Reached skill level 27 in Stealth
   346 | D        | Reached skill level 1 in Air Magic
   346 | D        | Reached skill level 1 in Invocations
   346 | D        | Reached skill level 1 in Evocations
   346 | D        | Killed a centaur warrior
   346 | D        | Reached * piety under Sif Muna
   347 | D        | Reached skill level 1 in Conjurations
   347 | D        | Reached skill level 1 in Fire Magic
   368 | D        | Noticed an oklob plant
   370 | D        | Killed an oklob plant
   379 | D        | Reached ** piety under Sif Muna
   403 | D        | Reached *** piety under Sif Muna
   404 | D        | Reached XP level 11. HP: 47/47 MP: 25/27
   409 | D        | Reached skill level 5 in Evocations
   411 | D        | Reached **** piety under Sif Muna
   461 | D        | Reached ***** piety under Sif Muna
   461 | D        | Received a gift from Sif Muna
   557 | D        | Identified the +2 arbalest "Essoss" {drain, rElec}
   574 | D        | Found June's Assorted Antiques.
   574 | D        | Found Cicvaba's General Store.
   574 | D        | Found Sed Ruhi's Antique Weapon Boutique.
   576 | D        | Found Nualu's Antique Weapon Emporium.
   576 | D        | Found Naitimes's Armour Shop.
   576 | D        | Found Qammeal's Book Shoppe.
   576 | D        | Found Liehum's General Store.
   576 | D        | Found Zoicho Misi's General Store.
   576 | D        | Found Wataxut's Distillery.
   576 | D        | Found Hexaj's Book Shoppe.
   580 | D        | Found Kiquyhya's Assorted Antiques.
   581 | D        | Found Riluod's Assorted Antiques.
   581 | D        | Found Raulum Hapn's General Store.
   582 | D        | Found Wiremudimu's Magic Scroll Emporium.
   585 | D        | Bought a potion of degeneration for 14 gold pieces
   643 | D        | Bought a scroll of identify for 24 gold pieces
   668 | D        | Learned a level 4 spell: Airstrike
   714 | D        | Found a viscous altar of Jiyva.
   714 | D        | Found a corrupted altar of Lugonu.
   715 | D        | Found a burning altar of Makhleb.
   715 | D        | Found a shimmering altar of Xom.
   745 | D        | Gained mutation: You are robust. (+10% HP) [a neqoxec]
   751 | D        | Received a gift from Sif Muna
   754 | D        | Got Sif Muna's Parchment of Bad Luck {god gift}
   794 | D        | Reached skill level 5 in Invocations
   917 | D        | Reached skill level 5 in Air Magic
   933 | D        | Noticed a lindwurm
   935 | D        | Killed a lindwurm
   943 | D        | Received a gift from Sif Muna
   950 | D        | Reached skill level 5 in Fire Magic
   964 | D        | Got Sif Muna's Elucidation of Locality and Attendants {god
                  | gift}
   974 | D        | Reached skill level 10 in Dodging
   983 | D        | Reached skill level 5 in Conjurations
   984 | D        | Received a gift from Sif Muna
   985 | D        | Got Sif Muna's Encyclopedia of Hyperbolic Cryomancy {god
                  | gift}
  1000 | D        | Noticed a 12-headed hydra
  1002 | D        | Killed a 12-headed hydra
  1082 | D        | Bought a shiny jade ring for 145 gold pieces
  1119 | D        | Bought a potion of resistance for 130 gold pieces
  1119 | D        | Bought a potion of haste for 130 gold pieces
  1119 | D        | Bought a potion of haste for 130 gold pieces
  1176 | D        | Noticed a shadow dragon
  1176 | D        | Noticed a golden dragon
  1186 | D        | Killed from afar by a golden dragon

Illustrated notes

Levels and vault maps discovered:
D:        dungeon_sprint_1 [red_sonja_temple_1, red_sonja_temple_small_1]

Skill      XL: |  1  2  3  4  5  6  7  8  9 10 11 |
---------------+----------------------------------+-----
Short Blades   | 2 4 6 9 10 | 10.0
Dodging        | 4 5 7 10 | 10.0
Stealth        | 5 7 9 13 18 24 27 | 27.0
Spellcasting   | 3 5 7 10 11 13 | 13.1
Hexes          | 4 5 7 8 |  8.0
Ice Magic      | 1 2 4 6 8 |  8.0
Air Magic      | 3 6 |  6.6
Invocations    | 3 5 |  5.0
Evocations     | 4 5 |  5.0
Conjurations   | 2 5 |  5.5
Fire Magic     | 3 6 |  6.0

Action                     |  1- 3 |  4- 6 |  7- 9 | 10-12 || total
---------------------------+-------+-------+-------+-------++-------
  Melee: Dagger            |     5 |     4 |    70 |   108 ||   187
         Punch             |       |       |     4 |     1 ||     5
   Cast: Ensorcelled Hiber |       |     1 |     1 |    26 ||    28
         Confusing Touch   |       |       |     5 |     9 ||    14
         Airstrike         |       |       |       |     1 ||     1
    Use: Potion            |     2 |       |       |     6 ||     8
         Scroll            |       |       |       |     2 ||     2
   Stab: Invisible         |     1 |       |       |       ||     1
         Sleeping          |     1 |     4 |     6 |    44 ||    55
         Confused          |       |       |     8 |     7 ||    15
 Armour: Robe              |       |       |       |     1 ||     1
  Dodge: Dodged            |     1 |       |       |    33 ||    34

Table legend: (Time is in decaauts)
 A = Elapsed time spent in this place.
 B = Non-inter-level travel time spent in this place.
 C = Inter-level travel time spent in this place.
 D = Time resting spent in this place.
 E = Time spent auto-exploring this place.
 F = Levels seen in this place.
 G = Mean time per level.
                   A        B        C        D        E       F      G
               +--------+--------+--------+--------+--------+-----+--------+
         Total |    852 |    770 |     82 |    205 |      0 |   1 |  852.0 |
       Dungeon |    852 |    770 |     82 |    205 |      0 |   1 |  852.0 |
               +--------+--------+--------+--------+--------+-----+--------+

Top non-repeatable levels by time:
       D: 852 daAuts
